 Dungeon Crawl Stone Soup version 0.21.1-1-g345015f (webtiles) character file.

39 robertstho the Grave Robber (level 3, 0/24 HPs)
             Began as a Demonspawn Necromancer on Mar 23, 2018.
             Succumbed to an adder's poison
             ... on level 2 of the Dungeon.
             The game lasted 00:05:51 (1049 turns).

robertstho the Grave Robber (DsNe)                  Turns: 1049, Time: 00:05:51

Health: 0/24       AC:  2    Str:  8    XL:     3   Next: 28%
Magic:  1/6        EV: 12    Int: 17    God:
Gold:   44         SH:  0    Dex: 13    Spells: 5/7 levels left

rFire    . . .     SeeInvis .   g - +0 hand axe
rCold    . . .     Gourm    .   (no shield)
rNeg     . . .     Faith    .   a - +0 robe
rPois    .         Spirit   .   (no helmet)
rElec    .         Reflect  .   (no cloak)
rCorr    .         Harm     .   (no gloves)
MR       .....                  (no boots)
Stlth    ++........             (no amulet)
HPRegen  0.08/turn              (no ring)
MPRegen  0.10/turn              (no ring)

@: lethally poisoned (0 -> -1)
A: spiny 1
a: no special abilities


You were on level 2 of the Dungeon.
You were not hungry.

You visited 1 branch of the dungeon, and saw 2 of its levels.

You collected 44 gold pieces.

Inventory:

Hand Weapons
 e - a +0 club
 g - a +0 hand axe (weapon)
Missiles
 l - 8 sling bullets
Armour
 a - a +0 robe (worn)
Jewellery
 i - a +6 ring of evasion {unknown}
Scrolls
 d - a scroll of immolation {unknown}
 h - 2 scrolls of identify {unknown}
 j - a scroll of teleportation {unknown}
Potions
 k - a potion of ambrosia {unknown}
 m - a potion of mutation {unknown}
 n - a potion of invisibility {unknown}
Books
 b - a book of Necromancy

   Spells                             Type                      Level
   a - Pain                           Necromancy                   1
   b - Animate Skeleton               Necromancy                   1
   c - Vampiric Draining              Necromancy                   3
   d - Regeneration                   Charms/Necromancy            3
   e - Animate Dead                   Necromancy                   4
   f - Borgnjor's Vile Clutch         Necromancy/Earth             5
Comestibles
 c - 3 rations


   Skills:
 + Level 0.2 Axes
 + Level 1.7 Dodging
 + Level 2.1 Stealth
 * Level 2.5 Spellcasting
 * Level 5.0 Necromancy


You had 5 spell levels left.
You knew the following spells:

 Your Spells              Type           Power        Failure   Level  Hunger
a - Pain                  Necr           ###.         2%          1    #......
b - Animate Skeleton      Necr           N/A          2%          1    #......


Dungeon Overview and Level Annotations

Branches:
Dungeon (2/15)

Altars:


Innate Abilities, Weirdness & Mutations

You are partially covered in sharp spines.


Message History

You don't have enough magic to cast that spell.
You feel sick. The worm barely misses you.
Casting: Pain
Confirm with . or Enter, or press ? or * to list all spells.
You don't have enough magic to cast that spell.
The worm is struck by your spines. The worm bites you.
You barely miss the worm.
The worm is moderately wounded.
Your rat skeleton bites the worm.
You feel sick.
Your rat skeleton bites the worm but does no damage.
You hit the worm.
The worm is moderately wounded.
Your rat skeleton bites the worm.
You barely miss the worm.
The worm is heavily wounded.
The worm bites you!
* * * LOW HITPOINT WARNING * * *
Your rat skeleton barely misses the worm.
You die...

###############
#......Z......#
#.###########.####
#....#...........#
#....#...........#
#Z...#...........#
#.Z..#........@..#
###....#...........#
.......#........w..#
......##....(...Z..#
...................+
...................#
...........[.......#
.................^...
####......###.........


You could see a worm and a friendly rat skeleton.

Vanquished Creatures
  An adder (D:2)
  A dart slug (D:1)
  3 bats (D:1)
  2 giant cockroaches (D:1)
  2 goblins (D:1)
  6 hobgoblins
  3 kobolds
  A ball python (D:1)
  2 frilled lizards (D:1)
  6 rats
27 creatures vanquished.

Vanquished Creatures (collateral kills)
  A hobgoblin (D:1)
  A goblin (D:1)
2 creatures vanquished.

Grand Total: 29 creatures vanquished

Notes
Turn   | Place    | Note
-------+----------+-------------------------------------------
     0 | D:1      | robertstho the Demonspawn Necromancer began the quest for the Orb.
     0 | D:1      | Reached XP level 1. HP: 13/13 MP: 3/3
    99 | D:1      | Learned a level 1 spell: Animate Skeleton
   142 | D:1      | Gained mutation: You are partially covered in sharp spines. [demonic ancestry]
   142 | D:1      | Reached XP level 2. HP: 17/19 MP: 0/5
   676 | D:1      | Reached skill level 5 in Necromancy
   780 | D:1      | Reached XP level 3. HP: 8/24 MP: 3/6
  1047 | D:2      | HP: 1/24 [worm (10)]
  1049 | D:2      | Succumbed to an adder's poison

Skill      XL: |  1  2 |
---------------+-------+-----
Stealth        | 2 |  2.1
Necromancy     | 5 |  5.0
Axes           | |  0.2
Dodging        | |  1.7
Spellcasting   | |  2.5

Action                   || total
-------------------------++-------
Melee: Hand axe          ||    38
 Cast: Pain              ||    20
       Animate Skeleton  ||     7
 Stab: Sleeping          ||     3
  Eat: Chunk             ||     1
Armor: Robe              ||    10
Dodge: Dodged            ||    26
